 Dungeon Crawl Stone Soup version 0.17-a0-1805-g6093636 (webtiles) character file.

6469 4thArraOfDagon the Spear-Bearer (level 10, -2/81 HPs)
             Began as a Centaur Air Elementalist on Sept 12, 2015.
             Was a High Priest of Okawaru.
             Slain by a shadow wraith (21 damage)
             ... on level 13 of the Dungeon.
             The game lasted 00:32:34 (5379 turns).

4thArraOfDagon the Spear-Bearer (CeAE)              Turns: 5379, Time: 00:32:34

Health: -2/81      AC: 13    Str: 15      XL:     10   Next: 68%
Magic:  12/13      EV: 13    Int: 19      God:    Okawaru [*****.]
Gold:   16         SH:  0    Dex:  9 (10) Spells: 2 memorised, 9 levels left

rFire  . . .     SeeInvis .     u - +2 halberd (elec)
rCold  + . .     Clarity  .     l - +2 leather armour of the Will of the Gods {Str+3}
rNeg   . . .     SustAt   .     (no shield)
rPois  .         Gourm    .     s - +1 helmet
rElec  .         Spirit   .     (no cloak)
rCorr  .         Warding  .     C - +2 pair of gloves
rMut   .         Stasis   .     (no barding)
MR     .....                    d - amulet of rage
Stlth  +++.......               v - +3 ring of dexterity
                                k - ring of protection from cold

@: about to teleport, heroism, slowed, repel missiles, not resistant to hostile
enchantments, fairly stealthy
A: hooves 3, camouflage 1, clever 1, clumsy 1, deformed body, deterioration 1,
speed 2, sense surroundings 1, spit poison 1, tough skin 3
a: Spit Poison, Heroism, Finesse, Renounce Religion, Evoke Berserk Rage


You were on level 13 of the Dungeon.
You worshipped Okawaru.
Okawaru was extremely pleased with you.
You were not hungry.

You visited 1 branch of the dungeon, and saw 14 of its levels.
You also visited: Bailey.

You collected 393 gold pieces.
You spent 377 gold pieces at shops.

Inventory:

Hand weapons
 u - a +2 halberd of electrocution (weapon)
 G - a +0 blowgun
Missiles
 D - a throwing net (quivered)
Armour
 l - the +2 leather armour of the Will of the Gods (worn) {Str+3}
   (You found it on level 4 of the Dungeon)

   It affects your strength (+3).
 s - a +1 helmet (worn)
 C - a +2 pair of gloves (worn)
 L - the +1 buckler "Zivvuas" {rF++ Int+3}
   (You found it on level 7 of the Dungeon)

   It affects your intelligence (+3).
   It greatly protects you from fire.
Jewellery
 d - an amulet of rage (around neck)
 k - a ring of protection from cold (left hand)
 m - an uncursed ring of fire
 v - a +3 ring of dexterity (right hand)
 B - a cursed ring of teleportation
Magical devices
 i - a wand of draining (6)
 n - a wand of digging (9)
 y - a wand of cold (12)
 E - a wand of draining (4)
 F - a wand of cold (10)
Scrolls
 e - 6 scrolls of teleportation
 f - 2 scrolls of recharging
 j - 3 scrolls of remove curse
 p - 2 scrolls of enchant weapon
 z - a scroll of amnesia
 I - a scroll of immolation
Potions
 a - 2 potions of beneficial mutation {unknown}
 h - 4 potions of might
 r - 4 potions of magic
 w - 10 potions of heal wounds
 x - 4 potions of curing
 H - 4 potions of agility {unknown}
 J - 2 potions of cancellation {unknown}
 M - a potion of lignification
Books
 b - a book of Air

   Spells                             Type                      Level
   a - Shock                          Conjuration/Air              1
   b - Swiftness                      Charms/Air                   2
   c - Repel Missiles                 Charms/Air                   2
   d - Static Discharge               Conjuration/Air              3
   e - Lightning Bolt                 Conjuration/Air              5
Comestibles
 c - 5 bread rations
 g - 7 chunks of flesh
 o - 5 fruits
 q - 2 meat rations
 t - a beef jerky
 A - a slice of pizza


   Skills:
 - Level 5.2(10.2) Fighting
 * Level 9.1(14.1) Polearms
 - Level 3.2(8.2) Armour
 + Level 6.4(11.4) Dodging
 - Level 1.2(6.2) Stealth
 - Level 3.1(8.1) Shields
 - Level 1.5 Spellcasting
 - Level 0.8 Conjurations
 - Level 2.6 Air Magic
 - Level 2.3 Invocations
 - Level 4.1 Evocations


You had 9 spell levels left.
You knew the following spells:

 Your Spells              Type           Power        Failure   Level  Hunger
a - Shock                 Conj/Air       #...         12%         1    ##.....
b - Repel Missiles        Chrm/Air       #.....       21%         2    ###....


Dungeon Overview and Level Annotations

Branches:
Dungeon (14/15)            Temple (0/1) D:6
   Lair: D:8-11         Orc: D:9-12      Vaults: D:13-14

Altars:
Ashenzari
Elyvilon
Okawaru
Qazlal
Sif Muna
Trog
Vehumet
Xom
Zin

Shops:
D:4 =   D:13 !


Innate Abilities, Weirdness & Mutations

You have hooves in place of feet.
Armour fits poorly on your strangely shaped body.
You cover ground very quickly.
You have extremely tough skin (AC +3).
Your skin changes colour to match your surroundings (Stealth).
Your mind is acute. (Int +2)
You are clumsy. (Dex -2)
Your body sometimes deteriorates upon taking damage.
You passively map a small area around you.
You can spit weak poison.


Message History

You completely miss the giant frog. Your kick misses the giant frog.
The giant frog is heavily wounded.
The giant frog hits you.
You slice the giant frog!!
You kill the giant frog!
Okawaru accepts your kill. Something hits you!
Deactivating autopickup; reactivate with Ctrl-A.
You see here a blackened copper wand.
n - a wand of digging Something hits you but does no damage.
Something hits you!!
* * * LOW HITPOINT WARNING * * *
Your body deteriorates!
You feel clumsy. Something drains your vigour!
You feel yourself slow down.
* * * LOW HITPOINT WARNING * * *
Read which item? (? for menu, Esc to quit)
As you read the scroll of teleportation, it crumbles to dust.
You feel strangely unstable. Something hits you!!
You die...

##### ....#
################ #.#
#..............##########
#.#
#..##...#####............
#.#
#.......@...#.##.#######.
###.## #..#######..#.##.#
.....####..# +,,
#..#.##.# ...........# ,
#..#.##.# ###..#####.#
#..#.##.# #. #..# #.#
,,...#.##.# #. #.<#
#.##########....# #.
###<.#
#............####### #.
.....#
#.#................# #.


There were no monsters in sight!

Vanquished Creatures
  Erolcha (D:12)
  An orc knight (Bailey)
  A cyclops (D:13)
  A kobold demonologist (D:12)
  A komodo dragon (D:13)
  A two-headed ogre (D:9)
  A two-headed ogre (shapeshifter) (D:13)
  6 yaks (D:11)
  A wraith (D:12)
  A hippogriff (D:13)
  2 soldier ants
  3 vampire mosquitoes
  2 orc warriors (D:12)
  A centaur (D:4)
  5 ogres
  A sky beast (D:13)
  2 big kobolds
  Blork the orc (D:5)
  5 giant frogs
  A centaur skeleton (D:4)
  4 orc priests
  A centaur zombie (D:4)
  11 orc wizards
  3 giant frog skeletons
  Terence (D:2)
  2 hounds
  3 worker ants
  2 worker ant zombies (D:5)
  4 adders
  13 gnolls (Bailey)
  A shadow imp (D:5)
  A worm (D:3)
  3 giant geckos
  38 orcs
  7 giant cockroaches
  10 goblins
  14 hobgoblins
  20 kobolds
  2 quokkas
  2 ball pythons
  3 bats
  5 giant newts
  A quokka skeleton (D:5)
  3 rats
192 creatures vanquished.

Notes
Turn   | Place    | Note
--------------------------------------------------------------
     0 | D:1      | 4thArraOfDagon the Centaur Air Elementalist began the quest for the Orb.
     0 | D:1      | Reached XP level 1. HP: 14/14 MP: 3/3
   145 | D:3      | Found a glowing silver altar of Zin.
   152 | D:3      | Reached skill level 1 in Evocations
   158 | D:3      | Found an iron altar of Okawaru.
   159 | D:3      | Found a shimmering altar of Xom.
   160 | D:3      | Found a bloodstained altar of Trog.
   161 | D:3      | Found a stormy altar of Qazlal.
   166 | D:3      | Became a worshipper of Warmaster Okawaru
   234 | D:4      | Noticed a giant frog skeleton
   239 | D:4      | Killed a giant frog skeleton
   239 | D:4      | Reached XP level 2. HP: 20/20 MP: 4/4
   239 | D:4      | Reached XP level 3. HP: 26/26 MP: 5/5
   278 | D:4      | Found a shattered altar of Ashenzari.
   280 | D:4      | Got a dazzling leather armour
   303 | D:4      | Identified the +2 leather armour of the Will of the Gods {Str+3} (You found it on level 4 of the Dungeon)
   304 | D:4      | Noticed a giant frog skeleton
   318 | D:4      | Killed a giant frog skeleton
   403 | D:4      | Noticed an orc wizard
   414 | D:5      | Entered Level 5 of the Dungeon
   414 | D:5      | Noticed an ogre
   487 | D:5      | Reached skill level 1 in Fighting
   487 | D:5      | Reached XP level 4. HP: 27/35 MP: 6/6
   528 | D:5      | Reached skill level 1 in Invocations
   528 | D:5      | Reached skill level 3 in Evocations
   576 | D:5      | Noticed an ogre
   602 | D:5      | Killed an ogre
   602 | D:5      | Reached XP level 5. HP: 41/41 MP: 7/7
   700 | D:5      | Killed an ogre
   700 | D:5      | Acquired Okawaru's first power
   700 | D:5      | Reached skill level 4 in Evocations
   807 | D:3      | Found a faded altar to an unknown god.
   857 | D:2      | Noticed Terence
   878 | D:2      | Reached XP level 6. HP: 30/50 MP: 6/9
   881 | D:2      | Killed Terence
   904 | D:2      | Learned a level 2 spell: Repel Missiles
  1026 | D:3      | Noticed an orc priest
  1026 | D:3      | Noticed an orc wizard
  1032 | D:3      | Killed an orc priest
  1033 | D:3      | Killed an orc wizard
  1426 | D:3      | Reached skill level 1 in Armour
  1437 | D:3      | Noticed a worker ant
  1595 | D:4      | Killed an orc wizard
  1620 | D:4      | Noticed an ogre
  1678 | D:4      | Noticed a phantom
  1702 | D:4      | Killed an ogre
  1702 | D:4      | Reached XP level 7. HP: 57/57 MP: 10/10
  1738 | D:4      | Noticed a centaur
  1747 | D:4      | Killed a centaur
  1980 | D:4      | Noticed a centaur zombie
  1997 | D:4      | Killed a centaur zombie
  2017 | D:4      | Noticed a centaur skeleton
  2030 | D:4      | Killed a centaur skeleton
  2058 | D:4      | Found a white marble altar of Elyvilon.
  2080 | D:4      | Noticed a worker ant
  2087 | D:4      | Killed a worker ant
  2297 | D:5      | Found a deep blue altar of Sif Muna.
  2334 | D:4      | Found Kirphoze's Jewellery Emporium.
  2337 | D:4      | Bought a cursed ring of teleportation for 145 gold pieces
  2485 | D:5      | Noticed an ogre
  2542 | D:5      | Noticed Blork the orc
  2563 | D:5      | Killed Blork the orc
  2739 | D:6      | Found a staircase to the Ecumenical Temple.
  2997 | D:7      | Got a faintly humming buckler
  3038 | D:8      | Identified the +1 buckler "Zivvuas" {rF++ Int+3} (You found it on level 7 of the Dungeon)
  3109 | D:9      | Noticed a two-headed ogre
  3122 | D:9      | Killed a two-headed ogre
  3122 | D:9      | Reached skill level 1 in Shields
  3122 | D:9      | Reached XP level 8. HP: 53/67 MP: 11/11
  3139 | D:9      | Found a radiant altar of Vehumet.
  3153 | D:10     | Entered Level 10 of the Dungeon
  3287 | D:11     | Noticed a six-headed hydra
  3304 | D:11     | Noticed a centaur skeleton
  3341 | D:11     | Noticed a red ugly thing
  3380 | D:11     | Found a flagged portal.
  3396 | Bailey   | Entered a bailey
  3916 | Bailey   | Noticed an orc knight
  3937 | Bailey   | Killed an orc knight
  3937 | Bailey   | Reached skill level 5 in Fighting
  4081 | D:12     | Reached XP level 9. HP: 32/74 MP: 12/12
  4237 | D:12     | Noticed Erolcha
  4411 | D:11     | Reached skill level 5 in Polearms
  4423 | D:11     | Reached skill level 6 in Polearms
  4426 | D:11     | Reached skill level 5 in Dodging
  4583 | D:12     | Killed Erolcha
  4583 | D:12     | Reached skill level 7 in Polearms
  4583 | D:12     | Reached XP level 10. HP: 65/81 MP: 13/13
  4710 | D:12     | Noticed a necromancer
  4774 | D:12     | Noticed a kobold demonologist
  4779 | D:12     | Killed a kobold demonologist
  4779 | D:12     | Reached skill level 8 in Polearms
  5046 | D:13     | Gained mutation: Your skin changes colour to match your surroundings (Stealth). [mutagenic meat]
  5086 | D:13     | Found Xixaef's Distillery.
  5097 | D:13     | Bought a potion of lignification for 48 gold pieces
  5097 | D:13     | Bought a potion of might for 64 gold pieces
  5097 | D:13     | Bought a potion of mutation for 40 gold pieces
  5097 | D:13     | Bought a potion of might for 64 gold pieces
  5097 | D:13     | Bought a potion of degeneration for 16 gold pieces
  5098 | D:13     | Gained mutation: You can spit weak poison. [potion of mutation]
  5098 | D:13     | Gained mutation: You are clumsy. (Dex -2) [potion of mutation]
  5099 | D:13     | Gained mutation: Your body sometimes deteriorates upon taking damage. [potion of mutation]
  5099 | D:13     | Gained mutation: Your mind is acute. (Int +2) [potion of mutation]
  5099 | D:13     | Gained mutation: You passively map a small area around you. [potion of mutation]
  5146 | D:13     | Noticed a cyclops
  5167 | D:13     | Killed a cyclops
  5229 | D:13     | Noticed a komodo dragon
  5254 | D:13     | Killed a komodo dragon
  5295 | D:13     | Acquired Okawaru's second power
  5301 | D:13     | Reached skill level 9 in Polearms
  5379 | D:13     | Slain by a shadow wraith

Vault maps used:
D:1:      mrwooster_arrival_statue
D:2:      uniq_terence
D:3:      minitemple, nemelex_deck, ecumenical_altar_2
D:4:      elyvilon_altar_4, evilmike_ruin_ashenzari, serial_shops,
          kennysheep_mini, first_bread
D:5:      nicolae_overflow_hidden_temple, nrook_pool_corridor,
          uniq_blork_the_orc
D:6:      temple_fountains
D:7:      the_bakery, uniq_menkaure, uniq_crazy_yiuf_cottage
D:8:      due_lair_maze_entry_diamond, uniq_grum
D:9:      cheibrodos_worm_habitat, lemuel_round_altar, zombieorc1_lemuel,
          basic_altar
D:10:     grunt_tough_drop, uniq_gastronok
D:11:     enter_bailey_3
D:12:     hangedman_cross_cluster, special_room, enter_trove_3, uniq_josephine,
          uniq_urug, uniq_snorg, uniq_erolcha
D:13:     david_vaults_4, serial_shops,
          nicolae_shop_temple_entry_statues_fountains, minmay_nine_imps
D:14:     nicolae_dithmenos_the_darkroom, serial_bayou_pond_d, uniq_azrael
Bailey:   bailey_axe_2, bailey

Action                   |  1- 3 |  4- 6 |  7- 9 | 10-12 || total
-------------------------+-------+-------+-------+-------++-------
Melee: Club              |    32 |       |       |       ||    32
       Mace              |     4 |    12 |   103 |       ||   119
       Morningstar       |       |   146 |    58 |       ||   204
       Halberd           |       |       |   181 |   133 ||   314
 Cast: Shock             |     7 |       |       |       ||     7
       Repel Missiles    |       |     1 |     7 |       ||     8
Invok: Heroism           |       |     1 |    15 |     6 ||    22
 Abil: Evoke Berserk Rag |     2 |    10 |    10 |     2 ||    24
Evoke: Wand              |       |       |     3 |     2 ||     5
  Use: Scroll            |     1 |     1 |    13 |     2 ||    17
       Potion            |       |       |     2 |     2 ||     4
 Stab: Distracted        |       |       |     1 |       ||     1
  Eat: Chunk             |       |    11 |    18 |     7 ||    36
